 Dungeon Crawl Stone Soup version 0.30-a0-847-g17996783a1 (webtiles) character file.

Game seed: 10198967831679793746

239 greenreed the Magician (level 5, 0/24 HPs)
             Began as a Spriggan Conjurer on Mar 3, 2023.
             Succumbed to a water moccasin's poison
             ... on level 3 of the Dungeon.
             The game lasted 00:05:39 (4003 turns).

greenreed the Magician (Spriggan Conjurer)          Turns: 4003, Time: 00:05:40

Health: 0/24       AC:  2    Str:  3    XL:     5   Next: 79%
Magic:  2/13       EV: 17    Int: 21    God:
Gold:   80         SH:  0    Dex: 14    Spells: 11/14 levels left

rFire   . . .      SeeInvis +    (weapon restricted)
rCold   . . .      Faith    .    (no shield)
rNeg    . . .      Spirit   .    a - +0 robe
rPois   .          Reflect  .    (helmet restricted)
rElec   .          Rampage  .    (no cloak)
rCorr   .                        (gloves unavailable)
Will    .....                    (boots unavailable)
Stlth   ++                       h - amulet of the acrobat
HPRegen 0.24/turn                (no ring)
MPRegen 0.13/turn                (no ring)

@: mighty, lethally poisoned (0 -> -3), on berserk cooldown, attractive, hasted
and slowed, very quick
A: very small, no large weapons, unfitting armour, see invisible, speed 3
a: no special abilities


You were on level 3 of the Dungeon.
You visited 1 branch of the dungeon, and saw 3 of its levels.

You collected 104 gold pieces.
You spent 24 gold pieces at shops.

Inventory:

Armour
 a - a +0 robe (worn)
Jewellery
 h - an amulet of the acrobat (around neck)
Wands
 k - a wand of paralysis (7)
 p - a wand of roots (8)
Scrolls
 c - 3 scrolls of amnesia
 f - 5 scrolls of identify
 j - a scroll of enchant weapon {unknown}
 l - a scroll of immolation {unknown}
 o - a scroll of noise {unknown}
 q - a scroll of fog {unknown}
Potions
 b - a potion of magic
 d - a potion of lignification {unknown}
 e - a potion of might
 m - a potion of haste
 n - a potion of curing {unknown}


   Skills:
 + Level 3.0 Dodging
 + Level 3.2 Stealth
 * Level 5.1 Spellcasting
 * Level 4.4 Conjurations


You had 11 spell levels left.
You knew the following spells:

 Your Spells              Type           Power      Damage    Failure   Level
a - Magic Dart            Conj           96%        1d7       1%          1
b - Searing Ray           Conj           48%        2d6       2%          2

Your spell library contained the following spells:

 Spells                   Type           Power      Damage    Failure   Level
 Dazzling Flash           Conj/Hex       28%        N/A       13%         3
 Fulminant Prism          Conj/Hex       7%         3d7       38%         4
 Iskenderun's Mystic Bla  Conj/Tloc      14%        2d5       38%         4


Dungeon Overview and Level Annotations

Branches:
Dungeon (3/15)

Altars:
Makhleb
Xom

Shops:
D:1 *   D:3 (?(![


Innate Abilities, Weirdness & Mutations

You are very small and have problems with some larger weapons.
You are too small for most types of armour.
You have supernaturally acute eyesight. (SInv)
You cover ground extremely quickly. (Speed+++)


Message History

You feel very sick.
The water moccasin completely misses you.
The water moccasin closely misses you.
The searing ray hits the water moccasin.
The water moccasin is almost dead.
* * * LOW HITPOINT WARNING * * *
You feel very sick. The water moccasin misses you.
The searing ray hits the water moccasin!
You kill the water moccasin!
You finish channelling your searing ray.
* * * LOW HITPOINT WARNING * * *
You feel sick.
Your Dodging skill increases to level 3!
Your Spellcasting skill increases to level 5!
You have reached level 5!
You feel agile.
It was a potion of might.
You feel very mighty all of a sudden.
* * * LOW HITPOINT WARNING * * *
You feel sick.
It was a potion of haste.
You feel yourself speed up.
* * * LOW HITPOINT WARNING * * *
You feel sick.
It was a potion of berserk rage.
A red film seems to cover your vision as you go berserk!
You feel yourself moving faster!
You feel mighty!
* * * LOW HITPOINT WARNING * * *
You feel sick.
You are too berserk!
You feel a strong urge to attack something.
* * * LOW HITPOINT WARNING * * *
You feel sick.
You feel your anger nearly subside.
You are no longer berserk.
You are exhausted.
You feel yourself slow down.
It was a potion of attraction.
You feel attractive to monsters.
You die...

#.###......#..###....#
.∩..+.######.....###.#
#.#######....###.###.#
#.#..........#(#...#.##
#'##.#####.###.###.#..#
#....# #...# ...#....#
###### #.### #.###..#
#.# #......# #.###
#@###..###
#...#...†.#......#
###.###.###.####.##
##### #...#$#...# #..#
....# ###.###..## ##.#
....# #......# #..#
....# ######.# #.##
....# ###..# #.# #####
#...## #.##


There were no monsters in sight!

Vanquished Creatures
  A water moccasin (D:3)
  An orc priest (D:3)
  2 adders (D:2)
  2 worms (D:2)
  5 dart slugs
  2 orcs (D:3)
  4 ball pythons
  10 endoplasms
  4 giant cockroaches
  4 goblins
  3 hobgoblins
  2 quokkas (D:3)
  6 bats
  2 frilled lizards (D:3)
  8 kobolds
  4 rats
60 creatures vanquished.

Vanquished Creatures (others)
  16 plants (D:3)
16 creatures vanquished.

Grand Total: 76 creatures vanquished

Notes
Turn   | Place    | Note
-------+----------+-------------------------------------------
     0 | D:1      | greenreed the Spriggan Conjurer began the quest for the
                  | Orb.
     0 | D:1      | Reached XP level 1. HP: 9/9 MP: 5/5
   429 | D:1      | Reached XP level 2. HP: 13/13 MP: 0/6
   627 | D:1      | Reached skill level 3 in Spellcasting
  1043 | D:1      | Found Uxe Pitu's General Store.
  1090 | D:1      | Bought a scroll of identify for 24 gold pieces
  1462 | D:2      | Reached XP level 3. HP: 16/16 MP: 5/8
  1467 | D:2      | Learned a level 2 spell: Searing Ray
  2116 | D:2      | Found a faded altar of an unknown god.
  2423 | D:2      | Reached XP level 4. HP: 19/21 MP: 4/10
  2832 | D:3      | Reached skill level 4 in Spellcasting
  2999 | D:3      | Found Qedimuck's Distillery.
  3032 | D:3      | Found Ruach's Antique Armour Boutique.
  3168 | D:3      | Found Abliziat's Weapon Boutique.
  3300 | D:3      | Found Deuth's Magic Scroll Shop.
  3315 | D:3      | Found a shimmering altar of Xom.
  3495 | D:3      | Found Etikkuec's Antique Weapon Boutique.
  3549 | D:3      | Found a burning altar of Makhleb.
  3987 | D:3      | Noticed a water moccasin
  3995 | D:3      | Killed a water moccasin
  3996 | D:3      | Reached skill level 5 in Spellcasting
  3996 | D:3      | Reached XP level 5. HP: 4/24 MP: 2/13
  3997 | D:3      | HP: 1/24 [poisoned by a water moccasin]
  4003 | D:3      | Succumbed to a water moccasin's poison

Illustrated notes

Levels and vault maps discovered:
D:1:      kilobyte_arrival_exit_the_forest, layout_loops_corners, serial_shops,
          shop
D:2:      layout_loops_ring, ebering_ecumenical_altar_webs
D:3:      layout_basic, mainiacjoe_overflow_catwalk,
          mainiacjoe_overflow_cross_hatched, serial_shops,
          nicolae_shop_bloodbath_and_beyond, shop,
          nicolae_shop_competitors_out_of_business, nicolae_shop_hallway_plus,
          shop, minmay_quantized

Skill      XL: |  1  2  3  4 |
---------------+-------------+-----
Conjurations   | 3 4 |  4.4
Spellcasting   | 3 5 |  5.1
Dodging        | 3 |  3.0
Stealth        | |  3.2

Action                     |  1- 3 |  4- 6 || total
---------------------------+-------+-------++-------
  Melee: Unarmed           |    18 |     2 ||    20
   Cast: Magic Dart        |    88 |    52 ||   140
         Searing Ray       |     2 |     5 ||     7
    Use: Scroll            |     1 |       ||     1
         Potion            |       |     4 ||     4
 Armour: Robe              |     4 |       ||     4
  Dodge: Dodged            |    21 |    21 ||    42

Table legend: (Time is in decaauts)
 A = Elapsed time spent in this place.
 B = Non-inter-level travel time spent in this place.
 C = Inter-level travel time spent in this place.
 D = Time resting spent in this place.
 E = Time spent auto-exploring this place.
 F = Levels seen in this place.
 G = Mean time per level.
                   A        B        C        D        E       F      G
               +--------+--------+--------+--------+--------+-----+--------+
         Total |   3057 |   3023 |     34 |    132 |   2545 |   3 | 1019.0 |
       Dungeon |   3057 |   3023 |     34 |    132 |   2545 |   3 | 1019.0 |
               +--------+--------+--------+--------+--------+-----+--------+

Top non-repeatable levels by time:
     D:1: 1146 daAuts
     D:2: 1014 daAuts
     D:3: 896 daAuts
